 Dungeon Crawl Stone Soup version 0.26-a0-712-ga5a9c9c9d0 (webtiles) character file.

Game seed: 18014540539027741057

37443 Arthanis the Severer (level 13, -3/133 HPs)
             Began as a Gargoyle Berserker on Nov 7, 2020.
             Was a High Priest of Trog.
             Slain by an orc warlord
             ... wielding a +0 great sword
              (18 damage)
             ... on level 1 of the Orcish Mines.
             The game lasted 00:26:09 (16960 turns).

Arthanis the Severer (Gargoyle Berserker)          Turns: 16960, Time: 00:26:09

Health: -3/133     AC: 26    Str: 28    XL:     13   Next: 96%
Magic:  13/13      EV:  9    Int: 12    God:    Trog [*****.]
Gold:   471        SH:  0    Dex:  9    Spells: 12/12 levels left

rFire    . . .     SeeInvis .   D - +1 battleaxe (vorpal)
rCold    . . .     Faith    .   (shield currently unavailable)
rNeg     + . .     Spirit   .   Q - +0 plate armour
rPois    ∞         Reflect  .   E - +0 helmet
rElec    +         Harm     .   (no cloak)
rCorr    .         Rampage  .   p - +0 pair of gloves
MR       ++...                  A - +0 pair of boots
Stlth    ..........             (no amulet)
HPRegen  1.32/turn              x - ring of flight
MPRegen  0.13/turn              G - +6 ring of strength

@: berserking, regenerating, very quick
A: negative energy resistance 1, electricity resistance, unbreathing,
petrification resistance, rot immunity, AC +9
a: Berserk, Trog's Hand, Brothers in Arms, Renounce Religion, Evoke Flight


You were on level 1 of the Orcish Mines.
You worshipped Trog.
Trog was extremely pleased with you.
You visited 2 branches of the dungeon, and saw 15 of its levels.
You also visited: Bailey.

You collected 1023 gold pieces.
You spent 552 gold pieces at shops.

Inventory:

Hand Weapons
 a - a +1 antimagic executioner's axe
 b - a +2 flail of protection
 l - a +0 broad axe
 D - a +1 vorpal battleaxe (weapon)
 M - a +0 spear
 P - a +3 halberd
Armour
 p - a +0 pair of gloves (worn)
 A - a +0 pair of boots (worn)
 E - a +0 helmet (worn)
 Q - a +0 plate armour (worn)
Jewellery
 x - a ring of flight (left hand)
 G - a +6 ring of strength (right hand)
Wands
 q - a wand of enslavement (23)
 w - a wand of digging (6)
 K - a wand of polymorph (3)
 L - a wand of paralysis (3)
Scrolls
 d - 5 scrolls of enchant weapon
 g - 12 scrolls of teleportation
 j - a scroll of brand weapon {unknown}
 m - 4 scrolls of immolation
 r - a scroll of noise
 u - a scroll of amnesia
 y - a scroll of fear
 C - 7 scrolls of remove curse
 F - 3 scrolls of random uselessness
 J - a scroll of fog
 R - a scroll of vulnerability
 S - a scroll of torment
 T - a scroll of summoning
Potions
 c - 4 potions of haste
 e - 2 potions of flight
 f - 10 potions of curing
 i - a potion of might
 k - 2 potions of invisibility
 n - 3 potions of cancellation {unknown}
 s - 2 potions of magic {unknown}
 t - 3 potions of resistance
 v - 4 potions of lignification
 z - a potion of ambrosia {unknown}
 B - 3 potions of heal wounds
 I - 2 potions of berserk rage {unknown}
 N - a potion of brilliance {unknown}
 U - a potion of mutation
 V - 2 potions of stabbing
Miscellaneous
 h - a lightning rod (4/4)
 o - a box of beasts (3/3)


   Skills:
 + Level 13.7 Fighting
 * Level 15.7 Axes
 - Level 6.0 Armour
 - Level 4.0 Dodging
 - Level 6.1 Evocations


You had 12 spell levels left.
You didn't know any spells.
Your spell library contained the following spells:

 Spells                   Type           Power        Failure   Level
 Apportation              Tloc           #.....       98%         1
 Magic Dart               Conj           #...         98%         1
 Searing Ray              Conj           #.....       99%         2
 Confusing Touch          Hex            #.......     100%        3
 Dazzling Flash           Conj/Hex       #.....       100%        3
 Lesser Beckoning         Tloc           #.........   100%        3
 Mephitic Cloud           Conj/Pois/Air  #.......     100%        3
 Static Discharge         Conj/Air       #.......     100%        3
 Tukima's Dance           Hex            #.......     100%        3
 Fulminant Prism          Conj/Hex       #.........   100%        4
 Iskenderun's Mystic Bla  Conj/Tloc      #.......     100%        4
 Alistair's Intoxication  Tmut/Pois      #........    100%        5
 Lightning Bolt           Conj/Air       #.........   100%        5
 Invisibility             Hex            #.......     100%        6


Dungeon Overview and Level Annotations

Branches:
Dungeon (14/15)            Temple (0/1) D:6            Lair (0/6) D:11
    Orc (1/2) D:11         Bailey (visited)
 Vaults: D:13-14

Altars:
Ashenzari
Fedhas
Gozag
Nemelex Xobeh
Okawaru
Ru
Vehumet
Wu Jian
Yredelemnul
Zin

Shops:
D:13 (   Orc:1 :

Annotations:
D:2 Natasha
D:7 3 runed translucent doors, Lanoc's ghost, novice TeCK
D:8 3 runed translucent doors, kae's ghost, novice NaTm
D:12 Azrael


Innate Abilities, Weirdness & Mutations

You are resistant to torment.
Your stone body is resilient. (AC +9)
You are immune to poison.
You resist negative energy. (rN+)
You are resistant to electric shocks. (rElec)
You can survive without breathing.
You are immune to petrification.
You are immune to rotting.


Message History

Trog grants you a weapon!
The orc hits you from afar with a +0 trident.
* * * LOW HITPOINT WARNING * * *
You hit the orc warlord.
The orc warlord is severely wounded.
The orc warrior hits you but does no damage.
The orc warrior hits you from afar with a +0 halberd!
* * * LOW HITPOINT WARNING * * *
The orc warlord hits you with a +0 great sword.
* * * LOW HITPOINT WARNING * * *
You barely miss the orc warlord.
The orc warlord is severely wounded.
The orc hits you but does no damage.
The orc warrior hits you from afar with a cursed -1 halberd!
* * * LOW HITPOINT WARNING * * *
You hit the orc warlord.
The orc warlord is severely wounded.
The orc warrior barely misses you.
The orc warlord hits you with a +0 great sword!!
You die...

......>.......##
...............#
............$# .
#..........## . ..
#..........## ..
...#...........#..$
.........[o# .....#
.#...$.o))###.....#
.....#.o[@)....#
.... #..o)).$.##
.$#........$#.#
........#......#
....#..$##....##
#........###.##
###.##... ## ##
##.# ###


You could see an orc warlord, 2 orc warriors and an orc (strong).

Vanquished Creatures
  Kirke (D:11)
  Josephine (D:14)
  3 hydras
  2 catoblepae
  A centaur warrior (D:13)
  7 two-headed ogres
  A tengu warrior (D:13)
  An orc high priest (Orc:1)
  Sonja (D:10)
  3 skeletal warriors
  An unseen horror (D:12)
  Pikel (D:4)
  An orc sorcerer (Orc:1)
  An orc knight (D:11)
  4 ugly things
  4 cyclopes
  Maggie (D:7)
  2 gargoyles
  2 centaur skeletons (D:13)
  2 trolls
  A tengu conjurer (D:13)
  Prince Ribbit (D:5)
  A hornet (D:13)
  3 shadows
  3 wyverns
  A water elemental (D:11)
  8 wraiths
  2 hogs (D:12)
  23 yaks
  A basilisk (shapeshifter) (D:14)
  2 basilisks
  A human (shapeshifter) (D:13)
  Eustachio (D:6)
  2 steam dragons
  A soldier ant (D:12)
  2 acid dragons
  A water moccasin (D:11)
  4 ice beasts
  Duvessa (D:5)
  5 sky beasts
  A black bear (D:8)
  2 eyes of draining
  A necrophage (D:9)
  19 orc warriors
  2 phantoms
  2 wolves (D:11)
  4 ogres
  13 centaurs
  3 big kobolds
  Blork the orc (D:5)
  9 bullfrogs
  A water moccasin zombie (D:5)
  A wyvern zombie (D:6)
  A wyvern skeleton (D:14)
  Dowan (D:5)
  3 killer bees (D:13)
  A water moccasin skeleton (D:11)
  20 wights
  A howler monkey (D:11)
  8 electric eels
  2 quasits
  8 hounds
  A jelly (D:5)
  3 centaur zombies
  3 orc priests
  2 bullfrog skeletons
  A gnoll shaman (D:8)
  8 orc wizards
  6 iguanas
  9 worker ants
  Natasha (twice) (D:2)
  A hound zombie (D:5)
  A hound skeleton (D:8)
  A worker ant zombie (D:8)
  17 gnolls
  10 adders
  2 shadow imps
  4 white imps
  An ooze (D:7)
  3 ufetubi
  3 adder skeletons
  2 adder zombies
  4 worms
  4 dart slugs
  6 leopard geckos
  49 orcs
  A ball python (D:1)
  5 bats
  9 giant cockroaches
  10 goblins
  8 hobgoblins
  7 jackals
  20 kobolds
  5 quokkas
  3 frilled lizards
  A quokka zombie (D:8)
  8 rats
428 creatures vanquished.

Vanquished Creatures (collateral kills)
  An orc warrior (Bailey)
  A centaur (Bailey)
  11 orcs (Bailey)
13 creatures vanquished.

Vanquished Creatures (others)
  An orc warrior (Bailey)
1 creature vanquished.

Grand Total: 442 creatures vanquished

Notes
Turn   | Place    | Note
-------+----------+-------------------------------------------
     0 | D:1      | Arthanis the Gargoyle Berserker began the quest for the
                  | Orb.
     0 | D:1      | Reached XP level 1. HP: 14/14 MP: 1/1
   100 | D:1      | Reached XP level 2. HP: 12/19 MP: 2/2
   115 | D:1      | Reached skill level 3 in Axes
   443 | D:1      | Reached ** piety under Trog
   484 | D:1      | Reached XP level 3. HP: 23/23 MP: 3/3
  1114 | D:2      | Noticed Natasha
  1121 | D:2      | Killed Natasha
  1121 | D:2      | Reached XP level 4. HP: 29/29 MP: 4/4
  1264 | D:2      | Noticed Natasha
  1273 | D:2      | Killed Natasha
  1274 | D:2      | Found an ornate altar of the Wu Jian Council.
  1446 | D:2      | Noticed Natasha
  1603 | D:3      | Reached XP level 5. HP: 28/33 MP: 5/5
  1689 | D:3      | Found a faded altar of an unknown god.
  2280 | D:4      | Noticed a lemure
  2281 | D:4      | Noticed a lemure
  2282 | D:4      | Noticed a lemure
  2282 | D:4      | Noticed a lemure
  2283 | D:4      | Noticed Pikel
  2313 | D:4      | Killed Pikel
  2313 | D:4      | Reached skill level 5 in Fighting
  2313 | D:4      | Reached skill level 5 in Axes
  2313 | D:4      | Reached XP level 6. HP: 26/40 MP: 6/6
  2313 | D:4      | Reached XP level 7. HP: 28/44 MP: 7/7
  2871 | D:4      | Reached *** piety under Trog
  2888 | D:5      | Entered Level 5 of the Dungeon
  3102 | D:5      | Noticed Dowan
  3103 | D:5      | Noticed Duvessa
  3126 | D:5      | Killed Dowan
  3126 | D:5      | Reached XP level 8. HP: 49/49 MP: 8/8
  3127 | D:5      | Killed Duvessa
  3136 | D:5      | Noticed Blork the orc
  3163 | D:5      | Killed Blork the orc
  3163 | D:5      | Reached skill level 6 in Axes
  3228 | D:5      | Reached skill level 5 in Armour
  3432 | D:5      | Found a sparkling altar of Nemelex Xobeh.
  3847 | D:5      | Noticed Prince Ribbit
  4287 | D:5      | Killed Prince Ribbit
  4442 | D:6      | Found a staircase to the Ecumenical Temple.
  4609 | D:6      | Found a broken altar of Ashenzari.
  4629 | D:6      | Reached skill level 7 in Axes
  4629 | D:6      | Reached XP level 9. HP: 56/56 MP: 9/9
  4703 | D:6      | Found a basalt altar of Yredelemnul.
  4756 | D:6      | Noticed Eustachio
  4770 | D:6      | Killed Eustachio
  5291 | D:7      | Reached **** piety under Trog
  5291 | D:7      | Reached skill level 8 in Axes
  5331 | D:7      | Noticed Maggie
  5352 | D:7      | Killed Maggie
  5491 | D:7      | Found an iron altar of Okawaru.
  5525 | D:7      | Found a sacrificial altar of Ru.
  5733 | D:7      | Found a runed translucent gate.
  5733 | D:7      | Found a runed translucent gate.
  5733 | D:7      | Found a runed translucent gate.
  5844 | D:7      | Reached skill level 9 in Axes
  5900 | D:7      | Noticed Lanoc's ghost (novice TeCK)
  6256 | D:8      | Noticed a cyclops
  6267 | D:8      | Killed a cyclops
  6267 | D:8      | Reached skill level 1 in Evocations
  6267 | D:8      | Reached XP level 10. HP: 24/64 MP: 10/10
  6680 | D:8      | Found a runed translucent gate.
  6680 | D:8      | Found a runed translucent gate.
  6680 | D:8      | Found an opulent altar of Gozag.
  6680 | D:8      | Found a runed translucent gate.
  6683 | D:8      | Noticed kae's ghost (novice NaTm)
  6683 | D:8      | Noticed an ice dragon
  6804 | D:8      | Reached ***** piety under Trog
  7028 | D:8      | Received a gift from Trog
  7088 | D:8      | You fall into a shaft and drop 2 floors!
  7088 | D:10     | Entered Level 10 of the Dungeon
  7128 | D:10     | Found a flagged portal.
  7143 | Bailey   | Entered a bailey
  7313 | Bailey   | Reached skill level 10 in Axes
  7984 | Bailey   | Identified Sif Muna's Almanac of Floating Fascination
  8374 | D:9      | Reached XP level 11. HP: 37/71 MP: 11/11
  8499 | D:9      | Reached skill level 11 in Axes
  8788 | D:8      | Found Hiyh's Distillery.
  8797 | D:8      | Bought a potion of curing for 36 gold pieces
  8797 | D:8      | Bought a potion of lignification for 36 gold pieces
  8797 | D:8      | Bought a potion of flight for 36 gold pieces
  8797 | D:8      | Bought a potion of haste for 120 gold pieces
  8797 | D:8      | Bought a potion of heal wounds for 60 gold pieces
  8797 | D:8      | Bought a potion of resistance for 120 gold pieces
  8797 | D:8      | Bought a potion of mutation for 96 gold pieces
  8797 | D:8      | Bought a potion of stabbing for 48 gold pieces
  9267 | D:9      | Found a radiant altar of Vehumet.
  9415 | D:9      | Found a glowing silver altar of Zin.
  9565 | D:10     | Noticed a two-headed ogre
  9573 | D:10     | Killed a two-headed ogre
  9573 | D:10     | Reached skill level 10 in Fighting
  9762 | D:10     | Noticed a cyclops
  9774 | D:10     | Killed a cyclops
  9863 | D:10     | Noticed Sonja
  9870 | D:10     | Killed Sonja
 10447 | D:11     | Found a staircase to the Orcish Mines.
 10470 | D:11     | Found a staircase to the Lair.
 10480 | D:11     | Reached skill level 5 in Evocations
 10559 | D:11     | Noticed a seven-headed hydra
 10576 | D:11     | Killed a seven-headed hydra
 10576 | D:11     | Reached skill level 12 in Axes
 11191 | D:11     | Found a blossoming altar of Fedhas.
 11312 | D:11     | You fall into a shaft and drop 1 floor!
 11334 | D:12     | Reached XP level 12. HP: 79/79 MP: 12/12
 11497 | D:12     | Received a gift from Trog
 11831 | D:12     | Noticed Azrael
 12089 | D:12     | Noticed Kirke
 12204 | D:11     | Killed Kirke
 12204 | D:11     | Reached skill level 13 in Axes
 13170 | D:13     | Noticed a two-headed ogre
 13178 | D:13     | Killed a two-headed ogre
 13275 | D:13     | Noticed a two-headed ogre
 13281 | D:13     | Killed a two-headed ogre
 13281 | D:13     | Reached skill level 14 in Axes
 13498 | D:13     | Noticed a centaur warrior
 13511 | D:13     | Killed a centaur warrior
 13511 | D:13     | Reached XP level 13. HP: 49/87 MP: 13/13
 13963 | D:13     | Found Yssicwen's Antique Weapon Emporium.
 14532 | D:13     | Received a gift from Trog
 14914 | D:14     | Reached skill level 15 in Axes
 15115 | D:14     | Noticed Josephine
 15119 | D:14     | Killed Josephine
 15989 | Orc:1    | Entered Level 1 of the Orcish Mines
 16416 | Orc:1    | Found Taheoss's Book Boutique.
 16667 | Orc:1    | Noticed an orc warlord
 16957 | Orc:1    | Received a gift from Trog
 16960 | Orc:1    | Slain by an orc warlord

Illustrated notes

Levels and vault maps discovered:
D:1:      psy_arrival_fountain, layout_basic, serial_glass, glass_columns_c,
          glass_columns_a
D:2:      layout_basic, marbit_many_paths, uniq_natasha
D:3:      layout_loops_cross, chequers_ecumenical_altar_simple
D:4:      layout_cave_pools, uniq_pikel
D:5:      minmay_razor_zed, layout_basic, kennysheep_little_box, moated_statue,
          uniq_duvessa, uniq_prince_ribbit1, uniq_blork_the_orc
D:6:      minmay_diamond_boxcup, layout_basic, kennysheep_mini_moat,
          cheibrodos_ashenzari_chains, minmay_temple_entry_tees,
          feat_on_display, uniq_eustachio
D:7:      layout_cave_pods, okawaru_altar_gauntlet_db, gammafunk_ghost_icy,
          nicolae_ru_sacrificial_ziggurat, uniq_maggie
D:8:      layout_cave_pools, serial_column_ruins, column_ruins_pillar_7,
          column_ruins_pillar_1, column_ruins_pillar_11, column_ruins_pillar_2,
          column_ruins_pillar_11, column_ruins_pillar_9, column_ruins_pillar_7,
          column_ruins_pillar_12, column_ruins_pillar_12, column_ruins_pillar_2,
          column_ruins_pillar_1, ebering_ghost_gozag, serial_shops,
          nicolae_shop_temple_entry_statues_fountains, eino_curves_02,
          kennysheep_island_fort
D:9:      layout_loops_cross, old_standard_altar, basic_altar
D:10:     layout_irregular_city, enter_bailey_3, uniq_sonja
D:11:     layout_roguey, erik_lair_island, fedhas_altar_3
D:12:     layout_basic, uniq_kirke, uniq_azrael
D:13:     layout_long_grid, serial_shops, kennysheep_mini
D:14:     layout_rooms, grunt_vaults_entry_tiered,
          minmay_fractal_squares_gapless_7, uniq_josephine
Orc:1:    layout_caves, serial_shops, shop, basic_altar, uniq_harold

Skill      XL: |  1  2  3  4  5  6  7  8  9 10 11 12 13 |
---------------+----------------------------------------+-----
Axes           | 3 5 7 9 10 12 14 15 | 15.7
Dodging        | 2 3 4 |  4.0
Armour         | 3 4 6 |  6.0
Fighting       | 4 5 6 8 9 10 12 13 | 13.7
Evocations     | 1 4 5 6 |  6.1

Action                   |  1- 3 |  4- 6 |  7- 9 | 10-12 | 13-15 || total
-------------------------+-------+-------+-------+-------+-------++-------
Melee: Hand axe          |    67 |    51 |   335 |       |       ||   453
       Dagger            |       |    53 |    60 |       |       ||   113
       War axe           |       |       |   116 |    91 |       ||   207
       Broad axe         |       |       |       |   446 |   132 ||   578
       Flail             |       |       |       |   144 |    18 ||   162
       Halberd           |       |       |       |    32 |       ||    32
       Unarmed           |       |       |       |     2 |       ||     2
       Executioner's axe |       |       |       |       |   105 ||   105
       Battleaxe         |       |       |       |       |    28 ||    28
Invok: Berserk           |     1 |     1 |     6 |    22 |    10 ||    40
       Trog's Hand       |       |       |     1 |     2 |     4 ||     7
 Abil: Evoke Flight      |       |       |       |     2 |       ||     2
Evoke: Wand              |       |       |     4 |    25 |       ||    29
  Use: Scroll            |       |       |     8 |     6 |     1 ||    15
 Stab: Paralysed         |       |       |       |     6 |       ||     6
Armor: Animal skin       |    17 |       |       |       |       ||    17
       Chain mail        |    12 |    77 |   359 |   151 |       ||   599
       Plate armour      |       |       |       |   452 |   352 ||   804
Dodge: Dodged            |    46 |    41 |   252 |   381 |   188 ||   908

Table legend: (Time is in decaauts)
 A = Elapsed time spent in this place.
 B = Non-inter-level travel time spent in this place.
 C = Inter-level travel time spent in this place.
 D = Time resting spent in this place.
 E = Time spent auto-exploring this place.
 F = Levels seen in this place.
 G = Mean time per level.
                   A        B        C        D        E       F      G
               +--------+--------+--------+--------+--------+-----+--------+
         Total |  17379 |  16730 |    649 |   2580 |  10600 |  16 | 1086.2 |
       Dungeon |  16096 |  15447 |    649 |   2353 |  10073 |  14 | 1149.7 |
  Orcish Mines |     64 |     64 |      0 |      0 |      0 |   1 |   64.0 |
        Bailey |   1218 |   1218 |      0 |    227 |    527 |   1 | 1218.0 |
               +--------+--------+--------+--------+--------+-----+--------+

Top non-repeatable levels by time:
    D:11: 2430 daAuts
    D:13: 2364 daAuts
     D:5: 1427 daAuts
    D:12: 1250 daAuts
  Bailey: 1218 daAuts
     D:7: 1188 daAuts
     D:8: 1104 daAuts
    D:10: 970 daAuts
     D:6: 954 daAuts
     D:9: 836 daAuts
     D:3: 753 daAuts
     D:2: 751 daAuts
     D:1: 720 daAuts
     D:4: 694 daAuts
    D:14: 649 daAuts
